 Dungeon Sprint DCSS version 0.32-a0-473-gd044c6f0f0 (webtiles) character file.

Game seed: 11631133132263143900

52 rocky1 the Covered (level 3, -4/54 HPs)
             Began as a Mountain Dwarf Fighter on Feb 26, 2024.
             Drowned by a water elemental (7 damage)
             ... in the Dungeon (Sprint III: "The Ten Rune Challenge").
             The game lasted 00:00:42 (364 turns).

rocky1 the Covered (Mountain Dwarf Fighter)          Turns: 364, Time: 00:00:42

Health: -4/54      AC:  8    Str: 18    XL:     3   Next: 60%
Magic:  3/3        EV:  9    Int: 10    God:
Gold:   18         SH:  4    Dex:  9    Spells: 2/2 levels left

rFire   . . .        a - +0 war axe
rCold   . . .        c - +0 buckler
rNeg    . . .        b - +0 scale mail
rPois   .            (no helmet)
rElec   .            k - +0 cloak
rCorr   .            (no gloves)
SInv    .            (no boots)
Will    .....        (no amulet) Stlth
                     (no ring)
HPRegen 0.29/turn    (no ring)
MPRegen 0.08/turn

%: no teleportation
@: berserking (expiring), engulfed (cannot breathe), very quick
A: runic magic, artefact enchanting
a: no special abilities


You were in the Dungeon.
You visited 1 branch You collected 18 gold pieces.

Inventory:

Hand Weapons
 a - a +0 war axe (weapon)
Armour
 b - a +0 scale mail (worn)
 c - a +0 buckler (worn)
 k - a +0 cloak (worn)
Scrolls
 j - a scroll of blinking
 m - a scroll of immolation {unknown}
 n - 3 scrolls of identify
 o - a scroll of torment {unknown}
Potions
 d - a potion of might
 e - 4 potions of curing
 f - a potion of heal wounds
 g - a potion of haste
 h - 2 potions of magic
 l - 4 potions of mutation {unknown}


   Skills:
 + Level 5.3 Fighting
 + Level 3.8 Axes
 + Level 5.4 Armour
 + Level 5.2 Shields


You had 2 spell levels left.
You didn't know any spells.
Your spell library was empty.

Dungeon Overview and Level Annotations

Branches:
Dungeon (1/1)

Altars:


Innate Abilities, Weirdness & Mutations

Your spellcasting is much less encumbered by armour.
You can use scrolls of enchantment on lesser artefacts.


Message History

The human is almost dead.
The human closely misses you. You block the human's attack.
You hit the human but do no damage.
The human is almost dead.
The human hits you but does no damage.
You closely miss the human.
The human is almost dead.
The human barely misses you.
You hit the human.
The human is almost dead.
The human hits you. The human barely misses you.
You miss the human.
The human is almost dead.
You block the human's attack.
You hit the human.
You kill the human!
Your Shields skill increases to level 5!
You see here a human corpse.
You start resting.
HP restored.
You open the door.
A water elemental comes into view.
A red film seems to cover your vision as you go berserk!
You feel yourself moving faster!
You feel mighty!
You feel a strong urge to attack something.
The water elemental hits you!!
The water elemental engulfs you in water!
Unknown command.
Your lungs strain for air!
You feel your anger nearly subside.
Your lungs strain for air!
The water elemental hits you!
You completely miss the water elemental.
* * * LOW HITPOINT WARNING * * *
Your lungs strain for air!
The water elemental hits you!
* * * LOW HITPOINT WARNING * * *
You hit the water elemental.
The water elemental is lightly damaged.
You die...

▓▓▓▓▓▓▓▓▓▓▓▓▓ ▓▓▓
▓<.#..'.....♣ ♣.#
▓..#..#....♣♣♣ ♣♣.#
▓#'####....♣.♣ ♣..#
▓.....#....~.♣♣♣..###+#+#
▓.....#...~~..♣♣..#......
▓.....#..~~~~♣♣.♣.'.⌠....
▓####'#..~≈≈~~~..E#...###
▓.)...#†~~≈~~~..@.# ⌠.#
▓.....#.~≈~~~.....# .#
▓.....#.~~~.......# #
▓'#####...........#
▓.................#
▓▓▓▓▓▓▓▓▓▓▓▓▓▓▓▓▓▓▓


You could see a water elemental.

Vanquished Creatures
  Jessica (D)
  A human (D)
  A phantom (D)
  2 endoplasms (D)
  A rat (D)
6 creatures vanquished.

Notes
Turn   | Place    | Note
-------+----------+-------------------------------------------
     0 | D        | rocky1 the Mountain Dwarf Fighter began the quest for the
                  | Orb.
     0 | D        | Reached XP level 1. HP: 19/19 MP: 1/1
    42 | D        | Noticed Jessica
    46 | D        | Killed Jessica
    47 | D        | Reached XP level 2. HP: 28/28 MP: 2/2
    47 | D        | Reached XP level 3. HP: 35/35 MP: 3/3
   182 | D        | Reached skill level 5 in Fighting
   182 | D        | Reached skill level 5 in Armour
   258 | D        | Reached skill level 5 in Shields
   357 | D        | Noticed a water elemental
   364 | D        | Drowned by a water elemental

Illustrated notes

Levels and vault maps discovered:
D:        dungeon_sprint_mu [sprint_mu_entry_forest, sprint_mu_temple_rooms,
          sprint_mu_d1_spiders, sprint_mu_d2_genie, sprint_mu_d3_branching,
          sprint_mu_orc_legion, sprint_mu_elf_gauntlet, sprint_mu_hive_nellie,
          sprint_mu_lair_fedhas, sprint_mu_vaults_butterflies,
          sprint_mu_slime_circle, sprint_mu_swamp_cave, sprint_mu_shoals_kraken,
          sprint_mu_blade_basic, sprint_mu_crypt_chambers,
          sprint_mu_tomb_spiral, sprint_mu_vestibule_basic,
          sprint_mu_gehenna_hellfire, sprint_mu_dis_giant,
          sprint_mu_tartarus_statrot, sprint_mu_cocytus_islands, sprint_mu_zot1]

Skill      XL: |  1  2  3 |
---------------+----------+-----
Fighting       | 4 5 |  5.3
Axes           | 3 |  3.8
Armour         | 4 5 |  5.4
Shields        | 4 5 |  5.2

Action                     || total
---------------------------++-------
  Melee: War axe           ||    33
    Use: Potion            ||     1
 Armour: Scale mail        ||    23
  Dodge: Dodged            ||    10
  Block: Buckler           ||     5

Table legend: (Time is in decaauts)
 A = Elapsed time spent in this place.
 B = Non-inter-level travel time spent in this place.
 C = Inter-level travel time spent in this place.
 D = Time resting spent in this place.
 E = Time spent auto-exploring this place.
 F = Levels seen in this place.
 G = Mean time per level.
                   A        B        C        D        E       F      G
               +--------+--------+--------+--------+--------+-----+--------+
         Total |    381 |    381 |      0 |    225 |      0 |   1 |  381.0 |
       Dungeon |    381 |    381 |      0 |    225 |      0 |   1 |  381.0 |
               +--------+--------+--------+--------+--------+-----+--------+

Top non-repeatable levels by time:
       D: 381 daAuts
